 Dungeon Crawl Stone Soup version 0.21-a0-227-g58a7c62 (webtiles) character file.

134 Ijustatesigmund the Skirmisher (level 5, -4/43 HPs)
             Began as a Formicid Fighter on Aug 30, 2017.
             Killed from afar by an orc wizard (8 damage)
             ... with a puff of frost
             ... on level 4 of the Dungeon.
             The game lasted 00:03:48 (2103 turns).

Ijustatesigmund the Skirmisher (Formicid Fighter)   Turns: 2103, Time: 00:03:50

Health: -4/43      AC:  6    Str: 20 (21) XL:     5   Next: 40%
Magic:  5/5        EV: 12    Int:  4 (7)  God:
Gold:   138        SH:  0    Dex: 13 (16) Spells: 4/4 levels left

rFire    . . .     SeeInvis +   a - +0 quarterstaff
rCold    . . .     Gourm    .   c - +0 shield
rNeg     . . .     Faith    .   b - +0 scale mail
rPois    .         Spirit   .   (helmet unavailable)
rElec    .         Reflect  .   (no cloak)
rCorr    .         Harm     .   (no gloves)
MR       .....                  (no boots)
Stlth    ..........             (no amulet)
HPRegen  0.14/turn              l - ring of teleportation (curse)
MPRegen  0.09/turn              (no ring)

@: confused, agile, lethally poisoned (-4 -> -22)
A: permanent stasis, dig shafts and tunnels, four strong arms, antennae 3
a: Dig, Shaft Self


You were on level 4 of the Dungeon.
You were not hungry.

You visited 1 branch of the dungeon, and saw 5 of its levels.

You collected 138 gold pieces.

Inventory:

Hand Weapons
 a - a +0 quarterstaff (weapon)
Armour
 b - a +0 scale mail (worn)
 c - a +0 shield (worn)
Jewellery
 l - a cursed ring of teleportation (left hand)
Scrolls
 j - 2 scrolls of fog
 m - a scroll of magic mapping
 o - a scroll of remove curse
Potions
 g - a potion of lignification
 p - a potion of invisibility {unknown}
Comestibles
 d - a royal jelly
 f - 2 bread rations
 h - 3 meat rations
 i - 11 fruits


   Skills:
 + Level 4.4 Fighting
 * Level 4.3 Staves
 - Level 3.2 Armour
 - Level 3.6 Shields


You had 4 spell levels left.
You didn't know any spells.

Dungeon Overview and Level Annotations

Branches:
Dungeon (5/15)
 Temple: D:4-7

Altars:
Fedhas
Makhleb

Shops:
D:4 %


Innate Abilities, Weirdness & Mutations

You cannot be hasted, slowed, berserked, paralysed or teleported.
You can dig through walls and to a lower floor.
Your four strong arms can wield two-handed weapons with a shield.
You have a pair of large antennae on your head. (SInv)


Message History

* * * LOW HITPOINT WARNING * * *
The orc wizard closely misses you.
The orc wizard gestures at you while chanting.
You are confused.
It was a potion of degeneration.
There was something very wrong with that liquid.
You feel weakened.
You feel dopey.
You feel clumsy.
* * * LOW HITPOINT WARNING * * *
You feel sick.
The orc wizard hits you but does no damage.
The orc wizard hits you with a dagger of venom.
* * * LOW HITPOINT WARNING * * *
You are more poisoned.
It was a potion of agility.
You feel agile all of a sudden.
* * * LOW HITPOINT WARNING * * *
You feel sick.
The orc wizard points at you and mumbles some strange words.
The puff of frost hits you!
You die...

#.#...# ...#
.. #.....#
....### .#
#..#.##
....... ..#
#.#.## ......
..## #...#.
.... #..#
##...#.
#..##..#
###......
#oo#..##
##...###..
#@.#..###...##
###
##.........###
#
##.........##
#
#..........##
#
#...##.......#
## #(.##
#.....#.# ##.
#.## #.....###
#.# ## ###..##
### ####


You could see 2 orc wizards.

Vanquished Creatures
  A howler monkey (D:5)
  Jessica (D:2)
  A worker ant (D:5)
  An ooze (D:2)
  A dart slug (D:4)
  4 leopard geckos
  2 orcs (D:4)
  4 giant cockroaches
  2 goblins
  A hobgoblin (D:1)
  5 jackals
  A ball python (D:1)
  2 bats (D:2)
  2 frilled lizards (D:2)
  3 kobolds (D:1)
  7 rats
38 creatures vanquished.

Notes
Turn   | Place    | Note
-------+----------+-------------------------------------------
     0 | D:1      | Ijustatesigmund the Formicid Fighter began the quest for the Orb.
     0 | D:1      | Reached XP level 1. HP: 18/18 MP: 1/1
   238 | D:1      | Reached XP level 2. HP: 20/24 MP: 2/2
   778 | D:2      | Reached XP level 3. HP: 13/30 MP: 3/3
  1131 | D:2      | Noticed Jessica
  1138 | D:2      | Killed Jessica
  1138 | D:2      | Reached XP level 4. HP: 37/37 MP: 4/4
  1290 | D:2      | Found a blossoming altar of Fedhas.
  1595 | D:3      | Found a burning altar of Makhleb.
  1595 | D:3      | Noticed a green death
  1658 | D:3      | Noticed a hungry ghost
  1683 | D:3      | You fall through a shaft for 2 floors!
  1683 | D:5      | Entered Level 5 of the Dungeon
  1683 | D:5      | Noticed a phantom
  1693 | D:5      | Reached XP level 5. HP: 17/43 MP: 5/5
  1939 | D:4      | Found Impivuaz's Food Shop.
  2103 | D:4      | Killed from afar by an orc wizard

Vault maps used:
D:1:      saegor_arrival_simple_a
D:2:      first_bread, fedhas_altar_fruit_tree, uniq_jessica
D:3:      makhleb_altar_promises_db
D:4:      serial_shops, shop, kennysheep_mini, nicolae_shop_behind_doors, shop,
          shop_fountains, minmay_misc_feat_x
D:5:      lemuel_crystal_altar, uniq_prince_ribbit1

Skill      XL: |  1  2  3  4 |
---------------+-------------+-----
Staves         | 3 4 |  4.3
Fighting       | 4 |  4.4
Armour         | |  3.2
Shields        | |  3.6

Action                   |  1- 3 |  4- 6 || total
-------------------------+-------+-------++-------
Melee: Quarterstaff      |    79 |    72 ||   151
 Abil: Shaft Self        |       |     1 ||     1
  Use: Scroll            |     4 |     2 ||     6
       Potion            |       |     4 ||     4
  Eat: Chunk             |       |     6 ||     6
       Bread ration      |       |     1 ||     1
Armor: Scale mail        |    47 |    44 ||    91
Dodge: Dodged            |    23 |    28 ||    51
Block: Shield            |    47 |    61 ||   108

Table legend:
 A = Spawn XP
 B = Non-spawn XP
 C = Spawn XP percentage of total XP
 D = Spawn monster count
 E = Non-spawn monster count
 F = Spawn count percentage of total count
 G = Total turns spent on level
                    A         B        C        D         E        F      G
               +---------+---------+-------+---------+---------+-------+---------
         Total |      11 |     181 |   5.7 |       3 |      35 |   7.9 |  2103
               +---------+---------+-------+---------+---------+-------+---------
           D:1 |       2 |      17 |  10.5 |       1 |      11 |   8.3 |   707
           D:2 |       9 |      56 |  13.8 |       2 |      13 |  13.3 |   760
           D:3 |       0 |       8 |   0.0 |       0 |       4 |   0.0 |   216
           D:4 |       0 |      15 |   0.0 |       0 |       5 |   0.0 |   407
           D:5 |       0 |      85 |   0.0 |       0 |       2 |   0.0 |    13
               +---------+---------+-------+---------+---------+-------+---------
